 Dungeon Crawl Stone Soup version 0.27.1-34-g3ba077fa99 (webtiles) character file.

Game seed: 3305006408806861247

156 boopmooplesden the Covered (level 5, -7/47 HPs)
             Began as a Minotaur Fighter on Jan 13, 2022.
             Mangled by a scorpion (8 damage)
             ... on level 4 of the Dungeon.
             The game lasted 00:02:53 (2296 turns).

boopmooplesden the Covered (Minotaur Fighter)       Turns: 2296, Time: 00:02:54

Health: -7/47      AC: 10    Str: 22    XL:     5   Next: 15%
Magic:  4/4        EV:  8    Int:  5    God:
Gold:   98         SH:  9    Dex:  9    Spells: 4/4 levels left

rFire    . . .     SeeInvis .   a - +0 long sword
rCold    . . .     Faith    .   c - +0 kite shield
rNeg     . . .     Spirit   .   b - +0 scale mail
rPois    .         Reflect  .   (helmet restricted)
rElec    .         Harm     .   l - +2 cloak
rCorr    .         Rampage  .   (no gloves)
Will     .....                  (no boots)
Stlth    ..........             (no amulet)
HPRegen  0.15/turn              (no ring)
MPRegen  0.09/turn              (no ring)

@: mighty, brilliant, lethally poisoned (-7 -> -20)
A: horns 2, retaliatory headbutt
a: no special abilities


You were on level 4 of the Dungeon.
You visited 1 branch of the dungeon, and saw 4 of its levels.

You collected 98 gold pieces.

Inventory:

Hand Weapons
 a - a +0 long sword (weapon)
Armour
 b - a +0 scale mail (worn)
 c - a +0 kite shield (worn)
 f - a scarf of repulsion
 l - a +2 cloak (worn)
Jewellery
 h - a ring of fire
 j - a ring of wizardry
 k - a ring of magical power
Scrolls
 e - a scroll of amnesia {unknown}
 g - a scroll of enchant weapon {unknown}
Potions
 i - 3 potions of brilliance


   Skills:
 + Level 4.6 Fighting
 + Level 3.7 Long Blades
 + Level 4.8 Armour
 + Level 0.5 Dodging
 + Level 4.7 Shields


You had 4 spell levels left.
You didn't know any spells.
Your spell library contained the following spells:

 Spells                   Type           Power      Damage    Failure   Level
 Freeze                   Ice            0%         1d3       99%         1
 Shock                    Conj/Air       0%         1d3       99%         1
 Static Discharge         Conj/Air       0%         N/A       100%        2
 Ozocubu's Armour         Ice            0%         N/A       100%        3
 Dispel Undead            Necr           0%         3d6       100%        4
 Sticky Flame             Conj/Fire      0%         2d3       100%        4
 Freezing Cloud           Conj/Ice/Air   0%         6-21      100%        5
 Silence                  Hex/Air        0%         N/A       100%        5
 Simulacrum               Ice/Necr       0%         N/A       100%        6
 Ozocubu's Refrigeration  Ice            0%         4d5       100%        7


Dungeon Overview and Level Annotations

Branches:
Dungeon (4/15)
 Temple: D:4-7

Altars:
Kikubaaqudgha

Annotations:
D:3 2 transporters, Ironcache's ghost, amateur NaVM


Innate Abilities, Weirdness & Mutations

You have a pair of horns on your head.
You reflexively headbutt those who attack you in melee.


Message History

The ball python hisses angrily.
You closely miss the ball python. You headbutt the ball python.
You kill the ball python!
You see here a ball python corpse.
A scorpion comes into view.
A scorpion is nearby!
A scorpion is nearby!
Found 16 stones.
You barely miss the scorpion. Your headbutt misses the scorpion.
The scorpion stings you. The scorpion barely misses you.
You closely miss the scorpion.
The scorpion stings you but does no damage.
You hit the scorpion. You headbutt the scorpion.
The scorpion is moderately wounded.
The scorpion stings you.
You are poisoned.
The scorpion poisons you! The scorpion stings you!
You are more poisoned.
The scorpion poisons you!
You feel very mighty all of a sudden.
You feel very sick. The scorpion closely misses you.
You barely miss the scorpion.
The scorpion is moderately wounded.
You feel very sick. You block the scorpion's attack. The scorpion stings you.
* * * LOW HITPOINT WARNING * * *
You are more poisoned.
The scorpion poisons you!
You barely miss the scorpion. Your headbutt misses the scorpion.
The scorpion is moderately wounded.
* * * LOW HITPOINT WARNING * * *
You feel extremely sick. You block the scorpion's attack. x2
It was a potion of brilliance.
You feel clever all of a sudden.
* * * LOW HITPOINT WARNING * * *
You feel very sick. The scorpion stings you!
You die...

### ###
#.######### #.#
#.........######..
#@#######.#.......
#s# #.#.####.#
#.#### #.#.# #.#
#....# #†#.# #.#
#....# #.#.# #.#
#....# #.#.# #..
#....# #.#.# #..
#...... #.#.####..
#....##(#.#.......


You could see a scorpion.

Vanquished Creatures
  A bullfrog zombie (D:3)
  Natasha (D:3)
  3 adders
  A worm (D:3)
  2 dart slugs
  5 orcs (D:3)
  7 bats
  2 endoplasms
  3 giant cockroaches
  6 goblins
  5 hobgoblins
  4 jackals
  3 kobolds
  5 quokkas
  5 ball pythons
  2 frilled lizards (D:3)
55 creatures vanquished.

Notes
Turn   | Place    | Note
-------+----------+-------------------------------------------
     0 | D:1      | boopmooplesden the Minotaur Fighter began the quest for the
                  | Orb.
     0 | D:1      | Reached XP level 1. HP: 19/19 MP: 0/0
   203 | D:1      | Reached XP level 2. HP: 27/27 MP: 1/1
   309 | D:1      | You fall into a shaft and drop 1 floor!
   351 | D:2      | Got the Incunabulum of the Snowflakes and Feathers
   464 | D:2      | Reached XP level 3. HP: 25/34 MP: 2/2
  1177 | D:3      | Reached XP level 4. HP: 37/41 MP: 3/3
  1504 | D:3      | Found a transporter.
  1557 | D:3      | Noticed a phantom
  1564 | D:3      | Found an ancient bone altar of Kikubaaqudgha.
  1564 | D:3      | Noticed Natasha
  1567 | D:3      | Killed Natasha
  1641 | D:3      | Found a transporter.
  1641 | D:3      | Noticed Ironcache's ghost (amateur NaVM)
  1677 | D:3      | Found a faded altar of an unknown god.
  1690 | D:3      | Reached XP level 5. HP: 47/47 MP: 4/4
  2296 | D:4      | HP: 1/47 [poisoned by a scorpion]
  2296 | D:4      | Mangled by a scorpion

Illustrated notes

Levels and vault maps discovered:
D:1:      saegor_arrival_simple_e, layout_rooms
D:2:      layout_rooms
D:3:      layout_basic, nicolae_kikubaaqudgha_miasma_corner,
          gammafunk_ghost_mausoleum, dreamdust_ecumenical_altar_statues,
          minivault_25, uniq_natasha
D:4:      layout_basic, fedhas_altar_decomposition, abandoned_shop,
          corexii_leaking_fountain, minmay_misc_feat_diagonals

Skill      XL: |  1  2  3 |
---------------+----------+-----
Fighting       | 4 |  4.6
Armour         | 4 |  4.8
Long Blades    | 3 |  3.7
Shields        | 4 |  4.7
Dodging        | |  0.5

Action                   |  1- 3 |  4- 6 || total
-------------------------+-------+-------++-------
Melee: Long sword        |   100 |    43 ||   143
       Headbutt          |    11 |    10 ||    21
  Use: Potion            |       |     2 ||     2
Armor: Scale mail        |    56 |    19 ||    75
Dodge: Dodged            |    32 |    22 ||    54
       Repelled          |     5 |       ||     5
Block: Kite shield       |    48 |    27 ||    75
       Rpst.: Long sword |     7 |     3 ||    10
